Map: Frost LE

Players

MajOr (SpeCial) - Winner!

  • Race: Terran Terran

ByRada

  • Race: Zerg Zerg
  • League: Grandmaster

Event: WCS Copa Intercontinental

VOD

Have the link to the VOD?

Description

Time

  • Played on: Sept. 9, 2016, 1:51 p.m.
  • Length: 7:59

All games in this series

Show
View Real Time Build Order
Export as new Build Order

MajOr Terran - Winner!

Build Orders:  

Get SALT Encoding   

  12  0:01  SCV  
  13  0:13  SCV  
  14  0:18  Supply Depot  
  14  0:25  SCV  
  15  0:39  SCV  
  15  0:41  Barracks  
  16  0:44  Refinery  
  16  0:51  SCV  
  17  1:00  Barracks  
  17  1:04  SCV  
  18  1:16  SCV  
  19  1:29  Orbital Command, Reaper  
  20  1:36  Barracks  
  20  1:48  Reaper  
  20  1:49  Supply Depot  
  20  1:54  Refinery  
  21  1:58  SCV  
  22  2:05  Reaper  
  23  2:10  SCV  
  24  2:15  Supply Depot  
  24  2:22  SCV  
  25  2:24  Reaper  
  26  2:34  SCV  
  27  2:39  Reaper  
  28  2:47  SCV  
  29  2:57  Reaper  
  30  3:00  Command Center  
  30  3:02  SCV  
  31  3:06  Reaper  
  31  3:08  Supply Depot  
  32  3:14  SCV, Reaper  
  33  3:27  SCV  
  34  3:29  Reaper  
  35  3:38  Reaper  
  35  3:39  SCV  
  37  3:46  Reaper  
  38  3:50  Command Center  
  38  3:51  SCV  
  39  4:03  SCV  
  39  4:07  Barracks Tech Lab  
  40  4:10  Barracks Reactor  
  40  4:15  SCV  
  41  4:19  Orbital Command  
  41  4:20  Barracks Reactor  
  41  4:21  Barracks Tech Lab  
  41  4:28  SCV  
  42  4:40  SCV  
  42  4:41  Marine  
  42  4:42  Combat Shields  
  44  4:51  Marine x2  
  44  4:52  SCV x2  
  48  4:58  Marine x3  
  51  5:00  Bunker  
  51  5:04  SCV x2  
  53  5:09  Marine x2  
  55  5:16  SCV x2, Marine x3  
  60  5:23  Orbital Command  
  60  5:27  Factory, Marine x2  
  63  5:28  SCV  
  63  5:31  SCV  
  63  5:34  Marine x2  
  66  5:40  SCV, Marine  
  67  5:44  SCV, Marine  
  67  5:45  Orbital Command  
  67  5:47  Refinery  
  67  5:48  Refinery  
  69  5:50  Engineering Bay  
  69  5:51  Engineering Bay  
  69  5:52  SCV  
  69  5:54  Marine x2  
  69  5:56  SCV  
  73  5:57  Supply Depot, Marine  
  73  5:59  Bunker  
  74  6:04  SCV  
  74  6:05  Marine x2  
  77  6:13  Starport  
  77  6:17  Factory Reactor  
  77  6:18  SCV x3  
  77  6:22  Supply Depot  
  80  6:27  Marine x2  
  80  6:29  Marine  
  80  6:31  SCV x2  
  85  6:40  Supply Depot  
  85  6:44  SCV x3, Marine x2  
  85  6:46  Supply Depot  
  90  6:53  Marine x2  
  92  6:54  Marine  
  92  6:59  Barracks  
  92  7:01  Barracks, Factory Tech Lab  
  93  7:02  SCV x3, Supply Depot  
  93  7:05  Medivac x2  
  93  7:06  Marine  
  93  7:07  Marine  
  102  7:11  Marine  
  102  7:12  Supply Depot  
  102  7:14  SCV x3  
  104  7:22  Marine  
  104  7:23  Marine  
  104  7:26  SCV x2  
  104  7:27  SCV  
  109  7:30  Barracks, Refinery  
  109  7:31  Barracks  
  109  7:34  Armory, Marine x3  
  119  7:42  Supply Depot x2  
  120  7:44  SCV x3  
  120  7:49  Barracks Reactor  
  124  7:52  Barracks Reactor  
Show
View Real Time Build Order
Export as new Build Order

ByRada Zerg 

Build Orders: Hatch First 

Get SALT Encoding   

  12  0:00  Drone  
  13  0:08  Drone  
  14  0:16  Overlord  
  14  0:23  Extractor  
  14  0:24  Drone  
  15  0:35  Drone x2  
  17  0:52  Hatchery  
  17  0:54  Drone  
  17  0:58  Drone  
  17  1:01  Extractor  
  17  1:05  Drone  
  18  1:18  Spawning Pool  
  17  1:20  Drone  
  18  1:26  Drone  
  19  1:37  Overlord  
  19  2:04  Queen  
  19  2:05  Queen, Zergling x4  
  19  2:06  Metabolic Boost  
  19  2:08  Zergling x2  
  26  2:13  Drone  
  27  2:15  Drone  
  27  2:20  Drone  
  29  2:29  Drone  
  30  2:32  Drone  
  31  2:37  Drone  
  31  2:46  Spore Crawler  
  31  2:47  Zergling x2  
  31  2:49  Zergling x2  
  32  2:53  Zergling x2  
  32  2:54  Queen  
  36  3:02  Overlord  
  36  3:05  Overlord  
  35  3:23  Zergling x6  
  38  3:37  Drone x5  
  38  3:38  Drone  
  38  3:40  Queen  
  46  3:46  Roach Warren  
  45  3:51  Queen  
  45  3:52  Overlord  
  45  3:55  Zergling x6  
  50  4:09  Zergling x4  
  51  4:19  Drone  
  51  4:20  Drone x5  
  57  4:28  Queen  
  58  4:41  Overlord  
  56  4:51  Roach x2  
  58  5:01  Roach x5  
  58  5:04  Queen  
  65  5:16  Roach  
  65  5:17  Roach  
  65  5:21  Overlord  
  66  5:27  Overlord x2  
  66  5:29  Extractor  
  66  5:31  Extractor  
  66  5:32  Extractor  
  66  5:33  Hatchery  
  60  5:42  Drone x4  
  62  5:43  Drone x5  
  62  5:49  Lair  
  68  5:50  Drone  
  68  6:01  Drone x2  
  70  6:09  Roach x2  
  78  6:18  Roach x3  
  78  6:19  Roach x4  
  88  6:26  Roach  
  90  6:34  Drone x2  
  92  6:40  Overlord  
  92  6:41  Evolution Chamber  
  92  6:43  Evolution Chamber  
  92  6:45  Overlord  
  92  6:46  Overlord  
  90  6:57  Overlord x2  
  90  7:00  Roach x4  
  98  7:05  Drone  
  101  7:14  Roach  
  101  7:15  Roach  
  103  7:17  Ravager  
  99  7:23  Drone x2  
  99  7:24  Drone x4  
  105  7:31  Overlord x2  
  105  7:36  Roach x2  
  109  7:38  Roach  
  109  7:40  Roach x3  
  117  7:55  Ravager  
  117  7:56  Ravager x2  
Tags
 
Add a new tag
Caveats
  • Supply blocks, unpowered buildings, or Contaminate may cause inaccurate times.
  • Supply counts are checked every 10 seconds.